 Dungeon Crawl Stone Soup version 0.20-a0-1039-gf554463 (webtiles) character file.

59 Duffy the Skirmisher (level 4, -7/43 HPs)
             Began as a Naga Fighter on Apr 22, 2017.
             Killed from afar by Natasha (10 damage)
             ... with a magic dart
             ... on level 2 of the Dungeon.
             The game lasted 00:01:05 (1361 turns).

Duffy the Skirmisher (Naga Fighter)                 Turns: 1361, Time: 00:01:06

Health: -7/43      AC:  4    Str: 19    XL:     4   Next: 3%
Magic:  4/4        EV:  5    Int:  9    God:
Gold:   77         SH:  9    Dex: 10    Spells: 3/3 levels left

rFire    + . .     SeeInvis +   b - +1 dagger (venom)
rCold    . . .     Gourm    .   c - +0 shield
rNeg     . . .     Faith    .   j - +0 scale mail
rPois    +         Spirit   .   (no helmet)
rElec    .         Reflect  .   (no cloak)
rCorr    .         Harm     .   (no gloves)
MR       .....                  (no barding)
Stlth    ..........             (no amulet)
Regen    0.2/turn               m - ring of protection from fire
MPRegen  0.1/turn               (no ring)

@: slowed, very slow
A: see invisible, deformed body, poison resistance, slowness 2, slow metabolism
1, spit poison 1, AC +1
a: Spit Poison


You were on level 2 of the Dungeon.
You were not hungry.

You visited 1 branch of the dungeon, and saw 2 of its levels.

You collected 77 gold pieces.

Inventory:

Hand Weapons
 a - a +0 war axe
 b - a +1 dagger of venom (weapon)
Armour
 c - a +0 shield (worn)
 j - a +0 scale mail (worn)
Jewellery
 m - a ring of protection from fire (left hand)
 o - an uncursed ring of fire
Scrolls
 i - 2 scrolls of identify {unknown}
 n - a scroll of random uselessness {unknown}
 p - a scroll of teleportation {unknown}
Potions
 d - a potion of might
 e - a potion of mutation {unknown}
 g - a potion of lignification {unknown}
 k - a potion of flight {unknown}
 l - 2 potions of cancellation {unknown}
 q - 2 potions of curing {unknown}
Comestibles
 f - 3 bread rations
 h - a meat ration
 r - 2 chunks of flesh


   Skills:
 + Level 3.6 Fighting
 - Level 2.6 Axes
 - Level 2.4 Armour
 + Level 3.2 Shields


You had 3 spell levels left.
You didn't know any spells.

Dungeon Overview and Level Annotations

Branches:
Dungeon (2/15)

Altars:

Annotations:
D:2 Natasha


Innate Abilities, Weirdness & Mutations

You cannot wear boots.
Your serpentine skin is tough. (AC +1)
You have supernaturally acute eyesight. (SInv)
Armour fits poorly on your strangely shaped body.
Your system is resistant to poisons. (rPois)
You cover ground very slowly.
You have a slow metabolism.
You can spit poison.


Message History

Natasha barely misses you.
The crimson imp hits you but does no damage.
You are too injured to fight recklessly!
You hit Natasha.
Natasha is moderately wounded.
Natasha stares at you and mumbles some strange words.
You feel yourself slow down. You block the crimson imp's attack.
You barely miss Natasha.
Natasha is moderately wounded.
The crimson imp disappears in a puff of smoke!
You block Natasha's attack.
The crimson imp hits you but does no damage.
Natasha claws you.
You barely miss Natasha.
Natasha is moderately wounded.
The crimson imp hits you. You block Natasha's attack.
The crimson imp blinks!
Natasha growls.
Natasha casts a spell at you. The magic dart hits you!
You die...

......#
......###########################
.......).........................
......###########################
####### ######.... # #.......# #
#......# # #..}.0## # #..00@.+# #
############...hP..# .
...........'..P~~P..... #
###.########...P......# #.#
#......#..5# #.# ##...####### #.#
##### #.# #.#


You could see Natasha and a crimson imp.

Vanquished Creatures
  An adder (D:2)
  2 oozes (D:2)
  3 dart slugs
  A leopard gecko (D:1)
  2 giant cockroaches
  3 goblins (D:1)
  4 hobgoblins
  4 kobolds
  A ball python (D:1)
  5 bats
  3 frilled lizards (D:1)
  6 rats
35 creatures vanquished.

Notes
Turn   | Place    | Note
-------+----------+-------------------------------------------
     0 | D:1      | Duffy the Naga Fighter began the quest for the Orb.
     0 | D:1      | Reached XP level 1. HP: 21/21 MP: 1/1
    90 | D:1      | Reached XP level 2. HP: 23/28 MP: 2/2
   603 | D:1      | Reached XP level 3. HP: 33/34 MP: 3/3
  1292 | D:2      | Reached XP level 4. HP: 41/42 MP: 4/4
  1343 | D:2      | Noticed Natasha
  1361 | D:2      | Killed from afar by Natasha

Vault maps used:
D:1:      dpeg_arrival_renting, minmay_split_cup_large
D:2:      tso_oasis_becter, uniq_natasha

Skill      XL: |  1  2  3 |
---------------+----------+-----
Shields        | 3 |  3.2
Fighting       | |  3.6
Axes           | |  2.6
Armour         | |  2.4

Action                   |  1- 3 |  4- 6 || total
-------------------------+-------+-------++-------
Melee: War axe           |    36 |       ||    36
       Dagger            |    57 |    18 ||    75
  Eat: Chunk             |       |     1 ||     1
Armor: Scale mail        |    38 |    12 ||    50
Dodge: Dodged            |    21 |     2 ||    23
Block: Shield            |    55 |    20 ||    75
